 Dungeon Crawl Stone Soup version 0.31-a0-703-gcfe89afef6 (webtiles) character file.

Game seed: 3101076943551896669

589 avis the Ruffian (level 7, -13/70 HPs)
             Began as an Ogre Shapeshifter on Sept 9, 2023.
             Was an Initiate of the Shining One.
             Mangled by an ogre
             ... wielding a +0 giant club
              (22 damage)
             ... on level 5 of the Dungeon.
             The game lasted 00:24:36 (5290 turns).

avis the Ruffian (Ogre Shapeshifter)                Turns: 5290, Time: 00:24:36

Health: -13/70     AC:  3    Str: 19    XL:     7   Next: 38%
Magic:  0/13       EV:  9    Int: 11    God:    the Shining One [......]
Gold:   215        SH:  0    Dex: 10    Spells: 12/14 levels left

rFire   . . .        a - +5 club
rCold   . . .        C - orb {light}
rNeg    + . .        p - +0 animal skin
rPois   .            (helmet currently unavailable)
rElec   .            (cloak currently unavailable)
rCorr   +            (gloves unavailable)
SInv    .            (boots unavailable)
Will    .....        E - amulet of guardian spirit
Stlth   +            n - ring of resist corrosion
HPRegen 0.31/turn    s - ring of positive energy
MPRegen 0.13/turn

%: guardian spirit
@: beast-form, glowing
A: beast (slay +1), large, unfitting armour, tough skin 1
a: Begin Untransformation, Renounce Religion


You were on level 5 of the Dungeon.
You worshipped the Shining One.
The Shining One was noncommittal.
You were a hulking beast.
You visited 2 branches of the dungeon, and saw 6 of its levels.

You collected 215 gold pieces.

Inventory:

Hand Weapons
 a - a +5 club (weapon)
 F - a +0 short sword of holy wrath
 G - a +0 giant club
Missiles
 f - 2 poisoned darts
 i - a throwing net
Armour
 p - a +0 animal skin (worn)
 C - an orb of light (worn)
Magical Staves
 r - a staff of earth
 D - a staff of cold
Jewellery
 n - a ring of resist corrosion (left hand)
 s - a ring of positive energy (right hand)
 E - an amulet of guardian spirit (around neck)
Talismans
 c - a beast talisman (active)
 d - a flux talisman
 u - a maw talisman
Wands
 v - a wand of polymorph (6)
Scrolls
 h - a scroll of summoning {unknown}
 j - 2 scrolls of identify {unknown}
 k - a scroll of amnesia {unknown}
 l - 2 scrolls of teleportation {unknown}
 q - a scroll of blinking {unknown}
 x - 2 scrolls of enchant weapon {unknown}
 y - a scroll of poison {unknown}
 A - a scroll of fog {unknown}
Potions
 b - a potion of lignification
 e - a potion of might {unknown}
 g - 4 potions of heal wounds
 m - a potion of cancellation {unknown}
 o - a potion of ambrosia {unknown}
 t - a potion of resistance {unknown}
 w - a potion of magic {unknown}
 z - a potion of attraction {unknown}
 B - a potion of berserk rage {unknown}


   Skills:
 * Level 4.3 Fighting
 - Level 1.7 Dodging
 - Level 6.0 Unarmed Combat
 - Level 4.0 Spellcasting
 - Level 3.0 Shapeshifting


You had 12 spell levels left.
You knew the following spells:

 Your Spells              Type           Power      Damage    Failure   Level
b - Blink                 Tloc           4%         N/A       34%         2

Your spell library contained the following spells:

 Spells                   Type           Power      Damage    Failure   Level
 Lesser Beckoning         Tloc           4%         N/A       34%         2
 Momentum Strike          Conj/Tloc      4%         3d8       34%         2
 Manifold Assault         Tloc           2%         N/A       93%         4


Dungeon Overview and Level Annotations

Branches:
Dungeon (5/15)             Temple (1/1) D:4

Altars:
Ashenzari
Cheibriados
Elyvilon
Gozag
Hepliaklqana
Kikubaaqudgha
Makhleb
Nemelex Xobeh
Okawaru
Ru
Sif Muna
Trog
Vehumet
Wu Jian
Xom
Yredelemnul
Zin
The Shining One

Shops:
D:2 ([(*

Annotations:
D:3 1 runed translucent door, randomguy2701's ghost, amateur HOFi


Innate Abilities, Weirdness & Mutations

You are a hulking beast.
Your limbs bulge with bestial killing power. (Slay +1)
You are too large for most types of armour.
You have tough skin. (AC +1)


Message History

The gnoll hits you with a +0 spear.
You barely miss the gnoll.
The gnoll is moderately wounded.
The gnoll hits you with a +0 spear.
You hit the gnoll.
The gnoll is severely wounded.
The gnoll closely misses you. The gnoll hits you with a +0 spear.
You hit the gnoll.
The gnoll is severely wounded.
The gnoll hits you with a +0 spear!
You hit the gnoll.
You kill the gnoll!
Things that are here:
a +0 spear; a gnoll corpse
There is a stone staircase leading up, spattered with blood here.
You climb upwards.
There is a stone staircase leading down, spattered with blood here.
Items here: ))))))))) [[[[[[ ÷÷ †.
Magic restored.
There is a stone staircase leading down here.
You start resting.
HP restored.
You climb downwards.
The ogre shouts!
The ogre hits you with a +0 giant club!!
Found a scroll labelled HIYRIU SAUPROI.
There is a stone staircase leading up, spattered with blood here.
You hit the ogre.
The ogre is lightly wounded.
The ogre hits you with a +0 giant club!!
You hit the ogre.
The ogre is moderately wounded.
You sock the ogre!
The ogre is severely wounded.
The ogre hits you with a +0 giant club!!
* * * LOW HITPOINT WARNING * * *
You sock the ogre!
The ogre is almost dead.
The ogre hits you with a +0 giant club!!
You die...

.# .# .# .# .#
.#
#.######O######
#......h.......
.?.......######
#.########


You could see an ogre.

Vanquished Creatures
  An ogre (D:4)
  An ice beast (D:4)
  2 scorpions
  An orc priest (D:4)
  Ijyb (D:3)
  An iguana (D:5)
  2 orc wizards (D:4)
  3 gnolls
  4 adders
  3 worms
  4 dart slugs
  7 orcs
  6 ball pythons
  3 endoplasms
  2 giant cockroaches
  4 goblins
  5 hobgoblins
  4 jackals
  8 kobolds
  4 quokkas
  6 bats
  5 frilled lizards
  4 rats
81 creatures vanquished.

Notes
Turn   | Place    | Note
-------+----------+-------------------------------------------
     0 | D:1      | avis the Ogre Shapeshifter began the quest for the Orb.
     0 | D:1      | Reached XP level 1. HP: 19/19 MP: 1/1
   162 | D:1      | Reached skill level 3 in Unarmed Combat
   194 | D:1      | Reached XP level 2. HP: 28/28 MP: 2/2
   724 | D:1      | Reached XP level 3. HP: 28/37 MP: 3/3
  1200 | D:2      | Found Voaph's Antique Armour Emporium.
  1394 | D:2      | Learned a level 2 spell: Blink
  1560 | D:2      | Found Birghe's Antique Weapon Boutique.
  1601 | D:2      | Found a shimmering altar of Xom.
  1660 | D:2      | Found Iriaxous's Antique Weapon Shoppe.
  1732 | D:2      | Found Qogedede's Assorted Antiques.
  1946 | D:2      | Reached XP level 4. HP: 33/45 MP: 4/4
  2235 | D:3      | Reached skill level 4 in Unarmed Combat
  2302 | D:3      | Noticed Ijyb
  2444 | D:3      | Killed Ijyb
  2593 | D:3      | Found a sparkling altar of Nemelex Xobeh.
  2608 | D:3      | Found a snail-covered altar of Cheibriados.
  2636 | D:3      | Found an opulent altar of Gozag.
  2654 | D:3      | Found an iron altar of Okawaru.
  2731 | D:3      | Reached XP level 5. HP: 54/54 MP: 5/5
  3064 | D:3      | Found a runed translucent door.
  3113 | D:3      | Noticed randomguy2701's ghost (amateur HOFi)
  3879 | D:4      | Found a staircase to the Ecumenical Temple.
  3886 | Temple   | Entered the Ecumenical Temple
  3899 | Temple   | Became a worshipper of the Shining One
  3941 | D:4      | Reached skill level 5 in Unarmed Combat
  4113 | D:4      | Reached skill level 1 in Spellcasting
  4472 | D:5      | Entered Level 5 of the Dungeon
  4472 | D:5      | Noticed an ogre
  4480 | D:4      | Killed an ogre
  4481 | D:4      | Reached XP level 6. HP: 31/62 MP: 6/10
  4954 | D:5      | Noticed an ice beast
  4961 | D:4      | Reached XP level 7. HP: 53/70 MP: 8/13
  5176 | D:4      | Reached skill level 6 in Unarmed Combat
  5290 | D:5      | Mangled by an ogre

Illustrated notes

Levels and vault maps discovered:
D:1:      dpeg_arrival_water_fire, layout_loops_corners, minmay_misc_feat_room
D:2:      layout_basic, serial_shops, nicolae_shop_real_fake_doors,
          nicolae_square_shop, nicolae_shop_pleasant_corner_grove, shop,
          basic_altar, minmay_misc_feat_enclosed
D:3:      layout_loops_ring, nicolae_overflow_quartered_altars,
          ebering_ghost_sewer_d, uniq_ijyb
D:4:      nicolae_cairo_tiling, layout_basic, minmay_temple_entry_crystal_x
D:5:      layout_loops_ring, grunt_dithmenos_smoke_and_mirrors, st_stairs_12,
          serial_bayou_ford_a, minmay_diced_spiral
Temple:   nicolae_temple_ecumenical_triangle

Skill      XL: |  1  2  3  4  5  6  7 |
---------------+----------------------+-----
Unarmed Combat | 3 4 5 6 |  6.0
Fighting       | 2 3 4 |  4.3
Spellcasting   | 3 4 |  4.0
Dodging        | |  1.7
Shapeshifting  | |  3.0

Action                     |  1- 3 |  4- 6 |  7- 9 || total
---------------------------+-------+-------+-------++-------
  Melee: Unarmed           |    86 |       |       ||    86
         Whip              |    26 |    17 |       ||    43
         Punch             |     1 |     2 |       ||     3
         Club              |       |   114 |    29 ||   143
    Use: Potion            |     2 |       |       ||     2
   Stab: Sleeping          |     1 |     1 |       ||     2
 Armour: Animal skin       |    62 |   105 |    25 ||   192
  Dodge: Dodged            |    43 |    56 |    14 ||   113

Table legend: (Time is in decaauts)
 A = Elapsed time spent in this place.
 B = Non-inter-level travel time spent in this place.
 C = Inter-level travel time spent in this place.
 D = Time resting spent in this place.
 E = Time spent auto-exploring this place.
 F = Levels seen in this place.
 G = Mean time per level.
                   A        B        C        D        E       F      G
               +--------+--------+--------+--------+--------+-----+--------+
         Total |   5334 |   4786 |    548 |   1243 |   2437 |   6 |  889.0 |
       Dungeon |   5301 |   4765 |    536 |   1243 |   2437 |   5 | 1060.2 |
        Temple |     33 |     21 |     12 |      0 |      0 |   1 |   33.0 |
               +--------+--------+--------+--------+--------+-----+--------+

Top non-repeatable levels by time:
     D:4: 1932 daAuts
     D:1: 1261 daAuts
     D:2: 1042 daAuts
     D:3: 991 daAuts
     D:5: 72 daAuts
  Temple: 33 daAuts
